 Dungeon Crawl Stone Soup version 0.16-a0-734-gc254e8c (webtiles) character file.

65 PolkaDot the Vexing (level 3, -1/24 HPs)
             Began as a Vampire Enchanter on Sept 22, 2014.
             Was an Initiate of Makhleb.
             Slain by an adder (3 damage)
             ... on Level 2 of the Dungeon.
             The game lasted 00:08:51 (3211 turns).

PolkaDot the Vexing (Vampire Enchanter)             Turns: 3211, Time: 00:08:51

HP  -1/24        AC  3     Str 12      XL: 3   Next: 92%
MP   0/6         EV 10     Int 18      God: Makhleb [......]
Gold 70          SH  3     Dex 14      Spells:  3 memorised,  0 levels left

rFire  x . .     SeeInvis +     a - +1 dagger
rCold  + + +     Clarity  +     e - +0 leather armour (curse)
rNeg   + + +     rCorr    .     p - +0 buckler
rPois  +         rRot     +     (no helmet)
rElec  .         Spirit   .     (no cloak)
SustAb .         Warding  .     (no gloves)
rMut   .         Stasis   .     (no boots)
Gourm  .                        m - amulet of clarity
MR     .....                    (no ring)
                                h - cursed ring of ice

@: mighty, bloodless, non-regenerating, not resistant to hostile enchantments,
fairly stealthy
A: fangs 3, see invisible, unbreathing
a: Bat Form, Renounce Religion


You were on level 2 of the Dungeon.
You worshipped Makhleb.
Makhleb was noncommittal.
You were bloodless.

You visited 1 branch of the dungeon, and saw 2 of its levels.

You collected 70 gold pieces.

Inventory:

Hand weapons
 a - a +1 dagger (weapon)
Armour
 e - a cursed +0 leather armour (worn)
 p - a +0 buckler (worn)
Scrolls
 d - a scroll of fog {unknown}
 g - a scroll of fear {unknown}
 i - a scroll of magic mapping
 k - a scroll of remove curse {unknown}
Jewellery
 h - a cursed ring of ice (left hand)
 m - an amulet of clarity (around neck)
Potions
 b - 2 potions of might
 f - 2 potions of haste {unknown}
 j - a potion of lignification {unknown}
 l - a potion of decay {unknown}
 n - a potion of resistance {unknown}
Books
 c - a book of Maledictions

   Spells                             Type                      Level
   *Corona                            Hexes                        1
   Sure Blade                         Hexes/Charms                 2
   *Ensorcelled Hibernation           Hexes/Ice                    2
   *Confuse                           Hexes                        3
   Dazzling Spray                     Conjuration/Hexes            3
   Enslavement                        Hexes                        4
 o - a Young Poisoner's Handbook

   Spells                             Type                      Level
   Sting                              Conjuration/Poison           1
   Cure Poison                        Poison                       2
   Mephitic Cloud                     Conjuration/Poison/Air       3
   Olgreb's Toxic Radiance            Poison                       4
   Venom Bolt                         Conjuration/Poison           5


   Skills:
 + Level 2.1 Short Blades
 - Level 2.1 Dodging
 + Level 5.0 Stealth
 - Level 2.0 Spellcasting
 * Level 5.9 Hexes
 - Level 1.0 Ice Magic


You couldn't memorise any spells.
You knew the following spells:

 Your Spells              Type           Power        Failure   Level  Hunger
a - Corona                Hex            ###....      3%          1    #......
c - Confuse               Hex            ###.....     12%         3    ####...
d - Ensorcelled Hibernat  Hex/Ice        ###...       14%         2    ##.....


Dungeon Overview and Level Annotations

Branches:
Dungeon (2/15)

Altars:
Makhleb


Innate Abilities, Weirdness & Mutations

You do not heal naturally.
You have razor-sharp teeth.
You have supernaturally acute eyesight.
You can survive without breathing.


Message History

* * * LOW HITPOINT WARNING * * *
Casting: Ensorcelled Hibernation
Confirm with . or Enter, or press ? or * to list all spells.
Aiming: Corona
Press: ? - help, Shift-Dir - straight line, f/p - adder
Aim: an adder (heavily wounded)
The adder is outlined in light.
* * * LOW MAGIC WARNING * * *
The adder barely misses you. x2
You hit the adder.
The adder is severely wounded.
The adder barely misses you.
You barely miss the adder.
The adder is severely wounded.
The adder bites you.
* * * LOW HITPOINT WARNING * * *
Drink which item? (? for menu, Esc to quit)
You feel very mighty all of a sudden.
It was a potion of might.
The adder bites you.
You die...

##.#.# ##.#.# ...#.#
####.# ...#.# ...#.#
...#.########
...#........########
...............S@.>#
...########.######.#
#..# #.# #.# ...#
#.# #.#
#.#########.# #.#
#.##........#
####.########
#.##........#
#...........#
#.##........#
#...........##
#.##........#
#............#


You could see an adder.

Vanquished Creatures
  An adder (D:2)
  A worm (D:2)
  2 giant geckos
  2 oozes (D:1)
  2 ball pythons
  6 bats
  4 giant cockroaches
  4 goblins (D:1)
  2 hobgoblins (D:1)
  6 jackals
  4 kobolds
  A quokka (D:2)
  6 giant newts (D:1)
  5 rats
46 creatures vanquished.

Notes
Turn   | Place    | Note
--------------------------------------------------------------
     0 | D:1      | PolkaDot, the Vampire Enchanter, began the quest for the Orb.
     0 | D:1      | Reached XP level 1. HP: 13/13 MP: 3/3
   467 | D:1      | Reached XP level 2. HP: 19/19 MP: 4/4
   471 | D:1      | Learned a level 2 spell: Ensorcelled Hibernation
  1034 | D:1      | Reached skill level 1 in Ice Magic
  1161 | D:1      | Reached skill level 5 in Hexes
  1764 | D:1      | Reached XP level 3. HP: 21/24 MP: 0/6
  1907 | D:1      | Learned a level 3 spell: Confuse
  2772 | D:2      | Reached skill level 5 in Stealth
  2833 | D:2      | Found a burning altar of Makhleb.
  3162 | D:2      | Became a worshipper of Makhleb the Destroyer
  3211 | D:2      | Slain by an adder

Action                   || total
-------------------------++-------
Melee: Dagger            ||   127
 Cast: Corona            ||     5
       Ensorcelled Hiber ||    22
       Confuse           ||     2
  Use: Scroll            ||     1
       Potion            ||     1
 Stab: Sleeping          ||    27
